Workbook
Name ApiKey: Settings!$B$1
Name Ticker: Settings!$B$2

Sheet Settings
A1: API key
A2: Ticker | B2: AAPL
A3: Layout version | B3: 2
A5: To fill it in: Data > Get Data > From Other Sources > Blank Query > Advanced Editor, paste the query below, and load it into IS (and the same with balance-sheet, cash-flow and metrics-ratios for BS, CF and Ratios).
A6: B1 and B2 are named ApiKey and Ticker, which the query reads.
A7: Before sharing this file, delete the key from B1.
A9: let key = Excel.CurrentWorkbook(){[Name="ApiKey"]}[Content]{0}[Column1], t = Excel.CurrentWorkbook(){[Name="Ticker"]}[Content]{0}[Column1], src = Csv.Document(Web.Contents("https://stockrow.com/api/v1/companies/" & t & "/statements/income-statement.csv", [Query=[period="annual", key=key]]), [Delimiter=",", Encoding=65001]) in Table.PromoteHeaders(src)

Sheet IS
A1: code | B1: label | C1: unit

Sheet BS
A1: code | B1: label | C1: unit

Sheet CF
A1: code | B1: label | C1: unit

Sheet Ratios
A1: code | B1: label | C1: unit

Sheet Model
A1: Fiscal year ending | B1: =IS!D1 -> 0 | C1: =IS!E1 -> 0 | D1: =IS!F1 -> 0 | E1: =IS!G1 -> 0 | F1: =IS!H1 -> 0 | G1: =IS!I1 -> 0 | H1: =IS!J1 -> 0 | I1: =IS!K1 -> 0 | ... K1: =IS!M1 -> 0
A2: Revenue | B2: =IFERROR(INDEX(IS!D:D,MATCH("REVENUE",IS!$A:$A,0)),IFERROR(INDEX(BS!D:D,MATCH("REVENUE",BS!$A:$A,0)),IFERROR(INDEX(CF!D:D,MATCH("REVENUE",CF!$A:$A,0)),IFERROR(INDEX(Ratios!D:D,MATCH("REVENUE",Ratios!$A:$A,0)),"")))) -> 0 | C2: =IFERROR(INDEX(IS!E:E,MATCH("REVENUE",IS!$A:$A,0)),IFERROR(INDEX(BS!E:E,MATCH("REVENUE",BS!$A:$A,0)),IFERROR(INDEX(CF!E:E,MATCH("REVENUE",CF!$A:$A,0)),IFERROR(INDEX(Ratios!E:E,MATCH("REVENUE",Ratios!$A:$A,0)),"")))) -> 0 | D2: =IFERROR(INDEX(IS!F:F,MATCH("REVENUE",IS!$A:$A,0)),IFERROR(INDEX(BS!F:F,MATCH("REVENUE",BS!$A:$A,0)),IFERROR(INDEX(CF!F:F,MATCH("REVENUE",CF!$A:$A,0)),IFERROR(INDEX(Ratios!F:F,MATCH("REVENUE",Ratios!$A:$A,0)),"")))) -> 0 | E2: =IFERROR(INDEX(IS!G:G,MATCH("REVENUE",IS!$A:$A,0)),IFERROR(INDEX(BS!G:G,MATCH("REVENUE",BS!$A:$A,0)),IFERROR(INDEX(CF!G:G,MATCH("REVENUE",CF!$A:$A,0)),IFERROR(INDEX(Ratios!G:G,MATCH("REVENUE",Ratios!$A:$A,0)),"")))) -> 0 | F2: =IFERROR(INDEX(IS!H:H,MATCH("REVENUE",IS!$A:$A,0)),IFERROR(INDEX(BS!H:H,MATCH("REVENUE",BS!$A:$A,0)),IFERROR(INDEX(CF!H:H,MATCH("REVENUE",CF!$A:$A,0)),IFERROR(INDEX(Ratios!H:H,MATCH("REVENUE",Ratios!$A:$A,0)),"")))) -> 0 | G2: =IFERROR(INDEX(IS!I:I,MATCH("REVENUE",IS!$A:$A,0)),IFERROR(INDEX(BS!I:I,MATCH("REVENUE",BS!$A:$A,0)),IFERROR(INDEX(CF!I:I,MATCH("REVENUE",CF!$A:$A,0)),IFERROR(INDEX(Ratios!I:I,MATCH("REVENUE",Ratios!$A:$A,0)),"")))) -> 0 | H2: =IFERROR(INDEX(IS!J:J,MATCH("REVENUE",IS!$A:$A,0)),IFERROR(INDEX(BS!J:J,MATCH("REVENUE",BS!$A:$A,0)),IFERROR(INDEX(CF!J:J,MATCH("REVENUE",CF!$A:$A,0)),IFERROR(INDEX(Ratios!J:J,MATCH("REVENUE",Ratios!$A:$A,0)),"")))) -> 0 | I2: =IFERROR(INDEX(IS!K:K,MATCH("REVENUE",IS!$A:$A,0)),IFERROR(INDEX(BS!K:K,MATCH("REVENUE",BS!$A:$A,0)),IFERROR(INDEX(CF!K:K,MATCH("REVENUE",CF!$A:$A,0)),IFERROR(INDEX(Ratios!K:K,MATCH("REVENUE",Ratios!$A:$A,0)),"")))) -> 0 | J2: =IFERROR(INDEX(IS!L:L,MATCH("REVENUE",IS!$A:$A,0)),IFERROR(INDEX(BS!L:L,MATCH("REVENUE",BS!$A:$A,0)),IFERROR(INDEX(CF!L:L,MATCH("REVENUE",CF!$A:$A,0)),IFERROR(INDEX(Ratios!L:L,MATCH("REVENUE",Ratios!$A:$A,0)),"")))) -> 0 | K2: =IFERROR(INDEX(IS!M:M,MATCH("REVENUE",IS!$A:$A,0)),IFERROR(INDEX(BS!M:M,MATCH("REVENUE",BS!$A:$A,0)),IFERROR(INDEX(CF!M:M,MATCH("REVENUE",CF!$A:$A,0)),IFERROR(INDEX(Ratios!M:M,MATCH("REVENUE",Ratios!$A:$A,0)),"")))) -> 0
A3: Revenue growth | B3: =IFERROR(B2/C2-1,"") -> 0 | C3: =IFERROR(C2/D2-1,"") -> 0 | D3: =IFERROR(D2/E2-1,"") -> 0 | E3: =IFERROR(E2/F2-1,"") -> 0 | F3: =IFERROR(F2/G2-1,"") -> 0 | G3: =IFERROR(G2/H2-1,"") -> 0 | H3: =IFERROR(H2/I2-1,"") -> 0 | I3: =IFERROR(I2/J2-1,"") -> 0 | ... K3: =IFERROR(K2/L2-1,"") -> 0
A4: Gross profit | B4: =IFERROR(INDEX(IS!D:D,MATCH("GP",IS!$A:$A,0)),IFERROR(INDEX(BS!D:D,MATCH("GP",BS!$A:$A,0)),IFERROR(INDEX(CF!D:D,MATCH("GP",CF!$A:$A,0)),IFERROR(INDEX(Ratios!D:D,MATCH("GP",Ratios!$A:$A,0)),"")))) -> 0 | C4: =IFERROR(INDEX(IS!E:E,MATCH("GP",IS!$A:$A,0)),IFERROR(INDEX(BS!E:E,MATCH("GP",BS!$A:$A,0)),IFERROR(INDEX(CF!E:E,MATCH("GP",CF!$A:$A,0)),IFERROR(INDEX(Ratios!E:E,MATCH("GP",Ratios!$A:$A,0)),"")))) -> 0 | D4: =IFERROR(INDEX(IS!F:F,MATCH("GP",IS!$A:$A,0)),IFERROR(INDEX(BS!F:F,MATCH("GP",BS!$A:$A,0)),IFERROR(INDEX(CF!F:F,MATCH("GP",CF!$A:$A,0)),IFERROR(INDEX(Ratios!F:F,MATCH("GP",Ratios!$A:$A,0)),"")))) -> 0 | E4: =IFERROR(INDEX(IS!G:G,MATCH("GP",IS!$A:$A,0)),IFERROR(INDEX(BS!G:G,MATCH("GP",BS!$A:$A,0)),IFERROR(INDEX(CF!G:G,MATCH("GP",CF!$A:$A,0)),IFERROR(INDEX(Ratios!G:G,MATCH("GP",Ratios!$A:$A,0)),"")))) -> 0 | F4: =IFERROR(INDEX(IS!H:H,MATCH("GP",IS!$A:$A,0)),IFERROR(INDEX(BS!H:H,MATCH("GP",BS!$A:$A,0)),IFERROR(INDEX(CF!H:H,MATCH("GP",CF!$A:$A,0)),IFERROR(INDEX(Ratios!H:H,MATCH("GP",Ratios!$A:$A,0)),"")))) -> 0 | G4: =IFERROR(INDEX(IS!I:I,MATCH("GP",IS!$A:$A,0)),IFERROR(INDEX(BS!I:I,MATCH("GP",BS!$A:$A,0)),IFERROR(INDEX(CF!I:I,MATCH("GP",CF!$A:$A,0)),IFERROR(INDEX(Ratios!I:I,MATCH("GP",Ratios!$A:$A,0)),"")))) -> 0 | H4: =IFERROR(INDEX(IS!J:J,MATCH("GP",IS!$A:$A,0)),IFERROR(INDEX(BS!J:J,MATCH("GP",BS!$A:$A,0)),IFERROR(INDEX(CF!J:J,MATCH("GP",CF!$A:$A,0)),IFERROR(INDEX(Ratios!J:J,MATCH("GP",Ratios!$A:$A,0)),"")))) -> 0 | I4: =IFERROR(INDEX(IS!K:K,MATCH("GP",IS!$A:$A,0)),IFERROR(INDEX(BS!K:K,MATCH("GP",BS!$A:$A,0)),IFERROR(INDEX(CF!K:K,MATCH("GP",CF!$A:$A,0)),IFERROR(INDEX(Ratios!K:K,MATCH("GP",Ratios!$A:$A,0)),"")))) -> 0 | J4: =IFERROR(INDEX(IS!L:L,MATCH("GP",IS!$A:$A,0)),IFERROR(INDEX(BS!L:L,MATCH("GP",BS!$A:$A,0)),IFERROR(INDEX(CF!L:L,MATCH("GP",CF!$A:$A,0)),IFERROR(INDEX(Ratios!L:L,MATCH("GP",Ratios!$A:$A,0)),"")))) -> 0 | K4: =IFERROR(INDEX(IS!M:M,MATCH("GP",IS!$A:$A,0)),IFERROR(INDEX(BS!M:M,MATCH("GP",BS!$A:$A,0)),IFERROR(INDEX(CF!M:M,MATCH("GP",CF!$A:$A,0)),IFERROR(INDEX(Ratios!M:M,MATCH("GP",Ratios!$A:$A,0)),"")))) -> 0
A5: Gross margin | B5: =IFERROR(B4/B2,"") -> 0 | C5: =IFERROR(C4/C2,"") -> 0 | D5: =IFERROR(D4/D2,"") -> 0 | E5: =IFERROR(E4/E2,"") -> 0 | F5: =IFERROR(F4/F2,"") -> 0 | G5: =IFERROR(G4/G2,"") -> 0 | H5: =IFERROR(H4/H2,"") -> 0 | I5: =IFERROR(I4/I2,"") -> 0 | ... K5: =IFERROR(K4/K2,"") -> 0
A6: Operating income | B6: =IFERROR(INDEX(IS!D:D,MATCH("OPINC",IS!$A:$A,0)),IFERROR(INDEX(BS!D:D,MATCH("OPINC",BS!$A:$A,0)),IFERROR(INDEX(CF!D:D,MATCH("OPINC",CF!$A:$A,0)),IFERROR(INDEX(Ratios!D:D,MATCH("OPINC",Ratios!$A:$A,0)),"")))) -> 0 | C6: =IFERROR(INDEX(IS!E:E,MATCH("OPINC",IS!$A:$A,0)),IFERROR(INDEX(BS!E:E,MATCH("OPINC",BS!$A:$A,0)),IFERROR(INDEX(CF!E:E,MATCH("OPINC",CF!$A:$A,0)),IFERROR(INDEX(Ratios!E:E,MATCH("OPINC",Ratios!$A:$A,0)),"")))) -> 0 | D6: =IFERROR(INDEX(IS!F:F,MATCH("OPINC",IS!$A:$A,0)),IFERROR(INDEX(BS!F:F,MATCH("OPINC",BS!$A:$A,0)),IFERROR(INDEX(CF!F:F,MATCH("OPINC",CF!$A:$A,0)),IFERROR(INDEX(Ratios!F:F,MATCH("OPINC",Ratios!$A:$A,0)),"")))) -> 0 | E6: =IFERROR(INDEX(IS!G:G,MATCH("OPINC",IS!$A:$A,0)),IFERROR(INDEX(BS!G:G,MATCH("OPINC",BS!$A:$A,0)),IFERROR(INDEX(CF!G:G,MATCH("OPINC",CF!$A:$A,0)),IFERROR(INDEX(Ratios!G:G,MATCH("OPINC",Ratios!$A:$A,0)),"")))) -> 0 | F6: =IFERROR(INDEX(IS!H:H,MATCH("OPINC",IS!$A:$A,0)),IFERROR(INDEX(BS!H:H,MATCH("OPINC",BS!$A:$A,0)),IFERROR(INDEX(CF!H:H,MATCH("OPINC",CF!$A:$A,0)),IFERROR(INDEX(Ratios!H:H,MATCH("OPINC",Ratios!$A:$A,0)),"")))) -> 0 | G6: =IFERROR(INDEX(IS!I:I,MATCH("OPINC",IS!$A:$A,0)),IFERROR(INDEX(BS!I:I,MATCH("OPINC",BS!$A:$A,0)),IFERROR(INDEX(CF!I:I,MATCH("OPINC",CF!$A:$A,0)),IFERROR(INDEX(Ratios!I:I,MATCH("OPINC",Ratios!$A:$A,0)),"")))) -> 0 | H6: =IFERROR(INDEX(IS!J:J,MATCH("OPINC",IS!$A:$A,0)),IFERROR(INDEX(BS!J:J,MATCH("OPINC",BS!$A:$A,0)),IFERROR(INDEX(CF!J:J,MATCH("OPINC",CF!$A:$A,0)),IFERROR(INDEX(Ratios!J:J,MATCH("OPINC",Ratios!$A:$A,0)),"")))) -> 0 | I6: =IFERROR(INDEX(IS!K:K,MATCH("OPINC",IS!$A:$A,0)),IFERROR(INDEX(BS!K:K,MATCH("OPINC",BS!$A:$A,0)),IFERROR(INDEX(CF!K:K,MATCH("OPINC",CF!$A:$A,0)),IFERROR(INDEX(Ratios!K:K,MATCH("OPINC",Ratios!$A:$A,0)),"")))) -> 0 | J6: =IFERROR(INDEX(IS!L:L,MATCH("OPINC",IS!$A:$A,0)),IFERROR(INDEX(BS!L:L,MATCH("OPINC",BS!$A:$A,0)),IFERROR(INDEX(CF!L:L,MATCH("OPINC",CF!$A:$A,0)),IFERROR(INDEX(Ratios!L:L,MATCH("OPINC",Ratios!$A:$A,0)),"")))) -> 0 | K6: =IFERROR(INDEX(IS!M:M,MATCH("OPINC",IS!$A:$A,0)),IFERROR(INDEX(BS!M:M,MATCH("OPINC",BS!$A:$A,0)),IFERROR(INDEX(CF!M:M,MATCH("OPINC",CF!$A:$A,0)),IFERROR(INDEX(Ratios!M:M,MATCH("OPINC",Ratios!$A:$A,0)),"")))) -> 0
A7: Operating margin | B7: =IFERROR(B6/B2,"") -> 0 | C7: =IFERROR(C6/C2,"") -> 0 | D7: =IFERROR(D6/D2,"") -> 0 | E7: =IFERROR(E6/E2,"") -> 0 | F7: =IFERROR(F6/F2,"") -> 0 | G7: =IFERROR(G6/G2,"") -> 0 | H7: =IFERROR(H6/H2,"") -> 0 | I7: =IFERROR(I6/I2,"") -> 0 | ... K7: =IFERROR(K6/K2,"") -> 0
A8: Net income | B8: =IFERROR(INDEX(IS!D:D,MATCH("NETINC",IS!$A:$A,0)),IFERROR(INDEX(BS!D:D,MATCH("NETINC",BS!$A:$A,0)),IFERROR(INDEX(CF!D:D,MATCH("NETINC",CF!$A:$A,0)),IFERROR(INDEX(Ratios!D:D,MATCH("NETINC",Ratios!$A:$A,0)),"")))) -> 0 | C8: =IFERROR(INDEX(IS!E:E,MATCH("NETINC",IS!$A:$A,0)),IFERROR(INDEX(BS!E:E,MATCH("NETINC",BS!$A:$A,0)),IFERROR(INDEX(CF!E:E,MATCH("NETINC",CF!$A:$A,0)),IFERROR(INDEX(Ratios!E:E,MATCH("NETINC",Ratios!$A:$A,0)),"")))) -> 0 | D8: =IFERROR(INDEX(IS!F:F,MATCH("NETINC",IS!$A:$A,0)),IFERROR(INDEX(BS!F:F,MATCH("NETINC",BS!$A:$A,0)),IFERROR(INDEX(CF!F:F,MATCH("NETINC",CF!$A:$A,0)),IFERROR(INDEX(Ratios!F:F,MATCH("NETINC",Ratios!$A:$A,0)),"")))) -> 0 | E8: =IFERROR(INDEX(IS!G:G,MATCH("NETINC",IS!$A:$A,0)),IFERROR(INDEX(BS!G:G,MATCH("NETINC",BS!$A:$A,0)),IFERROR(INDEX(CF!G:G,MATCH("NETINC",CF!$A:$A,0)),IFERROR(INDEX(Ratios!G:G,MATCH("NETINC",Ratios!$A:$A,0)),"")))) -> 0 | F8: =IFERROR(INDEX(IS!H:H,MATCH("NETINC",IS!$A:$A,0)),IFERROR(INDEX(BS!H:H,MATCH("NETINC",BS!$A:$A,0)),IFERROR(INDEX(CF!H:H,MATCH("NETINC",CF!$A:$A,0)),IFERROR(INDEX(Ratios!H:H,MATCH("NETINC",Ratios!$A:$A,0)),"")))) -> 0 | G8: =IFERROR(INDEX(IS!I:I,MATCH("NETINC",IS!$A:$A,0)),IFERROR(INDEX(BS!I:I,MATCH("NETINC",BS!$A:$A,0)),IFERROR(INDEX(CF!I:I,MATCH("NETINC",CF!$A:$A,0)),IFERROR(INDEX(Ratios!I:I,MATCH("NETINC",Ratios!$A:$A,0)),"")))) -> 0 | H8: =IFERROR(INDEX(IS!J:J,MATCH("NETINC",IS!$A:$A,0)),IFERROR(INDEX(BS!J:J,MATCH("NETINC",BS!$A:$A,0)),IFERROR(INDEX(CF!J:J,MATCH("NETINC",CF!$A:$A,0)),IFERROR(INDEX(Ratios!J:J,MATCH("NETINC",Ratios!$A:$A,0)),"")))) -> 0 | I8: =IFERROR(INDEX(IS!K:K,MATCH("NETINC",IS!$A:$A,0)),IFERROR(INDEX(BS!K:K,MATCH("NETINC",BS!$A:$A,0)),IFERROR(INDEX(CF!K:K,MATCH("NETINC",CF!$A:$A,0)),IFERROR(INDEX(Ratios!K:K,MATCH("NETINC",Ratios!$A:$A,0)),"")))) -> 0 | J8: =IFERROR(INDEX(IS!L:L,MATCH("NETINC",IS!$A:$A,0)),IFERROR(INDEX(BS!L:L,MATCH("NETINC",BS!$A:$A,0)),IFERROR(INDEX(CF!L:L,MATCH("NETINC",CF!$A:$A,0)),IFERROR(INDEX(Ratios!L:L,MATCH("NETINC",Ratios!$A:$A,0)),"")))) -> 0 | K8: =IFERROR(INDEX(IS!M:M,MATCH("NETINC",IS!$A:$A,0)),IFERROR(INDEX(BS!M:M,MATCH("NETINC",BS!$A:$A,0)),IFERROR(INDEX(CF!M:M,MATCH("NETINC",CF!$A:$A,0)),IFERROR(INDEX(Ratios!M:M,MATCH("NETINC",Ratios!$A:$A,0)),"")))) -> 0
A9: Net margin | B9: =IFERROR(B8/B2,"") -> 0 | C9: =IFERROR(C8/C2,"") -> 0 | D9: =IFERROR(D8/D2,"") -> 0 | E9: =IFERROR(E8/E2,"") -> 0 | F9: =IFERROR(F8/F2,"") -> 0 | G9: =IFERROR(G8/G2,"") -> 0 | H9: =IFERROR(H8/H2,"") -> 0 | I9: =IFERROR(I8/I2,"") -> 0 | ... K9: =IFERROR(K8/K2,"") -> 0
A10: EPS (diluted) | B10: =IFERROR(INDEX(IS!D:D,MATCH("EPSD",IS!$A:$A,0)),IFERROR(INDEX(BS!D:D,MATCH("EPSD",BS!$A:$A,0)),IFERROR(INDEX(CF!D:D,MATCH("EPSD",CF!$A:$A,0)),IFERROR(INDEX(Ratios!D:D,MATCH("EPSD",Ratios!$A:$A,0)),"")))) -> 0 | C10: =IFERROR(INDEX(IS!E:E,MATCH("EPSD",IS!$A:$A,0)),IFERROR(INDEX(BS!E:E,MATCH("EPSD",BS!$A:$A,0)),IFERROR(INDEX(CF!E:E,MATCH("EPSD",CF!$A:$A,0)),IFERROR(INDEX(Ratios!E:E,MATCH("EPSD",Ratios!$A:$A,0)),"")))) -> 0 | D10: =IFERROR(INDEX(IS!F:F,MATCH("EPSD",IS!$A:$A,0)),IFERROR(INDEX(BS!F:F,MATCH("EPSD",BS!$A:$A,0)),IFERROR(INDEX(CF!F:F,MATCH("EPSD",CF!$A:$A,0)),IFERROR(INDEX(Ratios!F:F,MATCH("EPSD",Ratios!$A:$A,0)),"")))) -> 0 | E10: =IFERROR(INDEX(IS!G:G,MATCH("EPSD",IS!$A:$A,0)),IFERROR(INDEX(BS!G:G,MATCH("EPSD",BS!$A:$A,0)),IFERROR(INDEX(CF!G:G,MATCH("EPSD",CF!$A:$A,0)),IFERROR(INDEX(Ratios!G:G,MATCH("EPSD",Ratios!$A:$A,0)),"")))) -> 0 | F10: =IFERROR(INDEX(IS!H:H,MATCH("EPSD",IS!$A:$A,0)),IFERROR(INDEX(BS!H:H,MATCH("EPSD",BS!$A:$A,0)),IFERROR(INDEX(CF!H:H,MATCH("EPSD",CF!$A:$A,0)),IFERROR(INDEX(Ratios!H:H,MATCH("EPSD",Ratios!$A:$A,0)),"")))) -> 0 | G10: =IFERROR(INDEX(IS!I:I,MATCH("EPSD",IS!$A:$A,0)),IFERROR(INDEX(BS!I:I,MATCH("EPSD",BS!$A:$A,0)),IFERROR(INDEX(CF!I:I,MATCH("EPSD",CF!$A:$A,0)),IFERROR(INDEX(Ratios!I:I,MATCH("EPSD",Ratios!$A:$A,0)),"")))) -> 0 | H10: =IFERROR(INDEX(IS!J:J,MATCH("EPSD",IS!$A:$A,0)),IFERROR(INDEX(BS!J:J,MATCH("EPSD",BS!$A:$A,0)),IFERROR(INDEX(CF!J:J,MATCH("EPSD",CF!$A:$A,0)),IFERROR(INDEX(Ratios!J:J,MATCH("EPSD",Ratios!$A:$A,0)),"")))) -> 0 | I10: =IFERROR(INDEX(IS!K:K,MATCH("EPSD",IS!$A:$A,0)),IFERROR(INDEX(BS!K:K,MATCH("EPSD",BS!$A:$A,0)),IFERROR(INDEX(CF!K:K,MATCH("EPSD",CF!$A:$A,0)),IFERROR(INDEX(Ratios!K:K,MATCH("EPSD",Ratios!$A:$A,0)),"")))) -> 0 | J10: =IFERROR(INDEX(IS!L:L,MATCH("EPSD",IS!$A:$A,0)),IFERROR(INDEX(BS!L:L,MATCH("EPSD",BS!$A:$A,0)),IFERROR(INDEX(CF!L:L,MATCH("EPSD",CF!$A:$A,0)),IFERROR(INDEX(Ratios!L:L,MATCH("EPSD",Ratios!$A:$A,0)),"")))) -> 0 | K10: =IFERROR(INDEX(IS!M:M,MATCH("EPSD",IS!$A:$A,0)),IFERROR(INDEX(BS!M:M,MATCH("EPSD",BS!$A:$A,0)),IFERROR(INDEX(CF!M:M,MATCH("EPSD",CF!$A:$A,0)),IFERROR(INDEX(Ratios!M:M,MATCH("EPSD",Ratios!$A:$A,0)),"")))) -> 0
A11: Free cash flow | B11: =IFERROR(INDEX(IS!D:D,MATCH("FCF",IS!$A:$A,0)),IFERROR(INDEX(BS!D:D,MATCH("FCF",BS!$A:$A,0)),IFERROR(INDEX(CF!D:D,MATCH("FCF",CF!$A:$A,0)),IFERROR(INDEX(Ratios!D:D,MATCH("FCF",Ratios!$A:$A,0)),"")))) -> 0 | C11: =IFERROR(INDEX(IS!E:E,MATCH("FCF",IS!$A:$A,0)),IFERROR(INDEX(BS!E:E,MATCH("FCF",BS!$A:$A,0)),IFERROR(INDEX(CF!E:E,MATCH("FCF",CF!$A:$A,0)),IFERROR(INDEX(Ratios!E:E,MATCH("FCF",Ratios!$A:$A,0)),"")))) -> 0 | D11: =IFERROR(INDEX(IS!F:F,MATCH("FCF",IS!$A:$A,0)),IFERROR(INDEX(BS!F:F,MATCH("FCF",BS!$A:$A,0)),IFERROR(INDEX(CF!F:F,MATCH("FCF",CF!$A:$A,0)),IFERROR(INDEX(Ratios!F:F,MATCH("FCF",Ratios!$A:$A,0)),"")))) -> 0 | E11: =IFERROR(INDEX(IS!G:G,MATCH("FCF",IS!$A:$A,0)),IFERROR(INDEX(BS!G:G,MATCH("FCF",BS!$A:$A,0)),IFERROR(INDEX(CF!G:G,MATCH("FCF",CF!$A:$A,0)),IFERROR(INDEX(Ratios!G:G,MATCH("FCF",Ratios!$A:$A,0)),"")))) -> 0 | F11: =IFERROR(INDEX(IS!H:H,MATCH("FCF",IS!$A:$A,0)),IFERROR(INDEX(BS!H:H,MATCH("FCF",BS!$A:$A,0)),IFERROR(INDEX(CF!H:H,MATCH("FCF",CF!$A:$A,0)),IFERROR(INDEX(Ratios!H:H,MATCH("FCF",Ratios!$A:$A,0)),"")))) -> 0 | G11: =IFERROR(INDEX(IS!I:I,MATCH("FCF",IS!$A:$A,0)),IFERROR(INDEX(BS!I:I,MATCH("FCF",BS!$A:$A,0)),IFERROR(INDEX(CF!I:I,MATCH("FCF",CF!$A:$A,0)),IFERROR(INDEX(Ratios!I:I,MATCH("FCF",Ratios!$A:$A,0)),"")))) -> 0 | H11: =IFERROR(INDEX(IS!J:J,MATCH("FCF",IS!$A:$A,0)),IFERROR(INDEX(BS!J:J,MATCH("FCF",BS!$A:$A,0)),IFERROR(INDEX(CF!J:J,MATCH("FCF",CF!$A:$A,0)),IFERROR(INDEX(Ratios!J:J,MATCH("FCF",Ratios!$A:$A,0)),"")))) -> 0 | I11: =IFERROR(INDEX(IS!K:K,MATCH("FCF",IS!$A:$A,0)),IFERROR(INDEX(BS!K:K,MATCH("FCF",BS!$A:$A,0)),IFERROR(INDEX(CF!K:K,MATCH("FCF",CF!$A:$A,0)),IFERROR(INDEX(Ratios!K:K,MATCH("FCF",Ratios!$A:$A,0)),"")))) -> 0 | J11: =IFERROR(INDEX(IS!L:L,MATCH("FCF",IS!$A:$A,0)),IFERROR(INDEX(BS!L:L,MATCH("FCF",BS!$A:$A,0)),IFERROR(INDEX(CF!L:L,MATCH("FCF",CF!$A:$A,0)),IFERROR(INDEX(Ratios!L:L,MATCH("FCF",Ratios!$A:$A,0)),"")))) -> 0 | K11: =IFERROR(INDEX(IS!M:M,MATCH("FCF",IS!$A:$A,0)),IFERROR(INDEX(BS!M:M,MATCH("FCF",BS!$A:$A,0)),IFERROR(INDEX(CF!M:M,MATCH("FCF",CF!$A:$A,0)),IFERROR(INDEX(Ratios!M:M,MATCH("FCF",Ratios!$A:$A,0)),"")))) -> 0
A12: FCF margin | B12: =IFERROR(B11/B2,"") -> 0 | C12: =IFERROR(C11/C2,"") -> 0 | D12: =IFERROR(D11/D2,"") -> 0 | E12: =IFERROR(E11/E2,"") -> 0 | F12: =IFERROR(F11/F2,"") -> 0 | G12: =IFERROR(G11/G2,"") -> 0 | H12: =IFERROR(H11/H2,"") -> 0 | I12: =IFERROR(I11/I2,"") -> 0 | ... K12: =IFERROR(K11/K2,"") -> 0
A13: ROIC | B13: =IFERROR(INDEX(IS!D:D,MATCH("ROIC",IS!$A:$A,0)),IFERROR(INDEX(BS!D:D,MATCH("ROIC",BS!$A:$A,0)),IFERROR(INDEX(CF!D:D,MATCH("ROIC",CF!$A:$A,0)),IFERROR(INDEX(Ratios!D:D,MATCH("ROIC",Ratios!$A:$A,0)),"")))) -> 0 | C13: =IFERROR(INDEX(IS!E:E,MATCH("ROIC",IS!$A:$A,0)),IFERROR(INDEX(BS!E:E,MATCH("ROIC",BS!$A:$A,0)),IFERROR(INDEX(CF!E:E,MATCH("ROIC",CF!$A:$A,0)),IFERROR(INDEX(Ratios!E:E,MATCH("ROIC",Ratios!$A:$A,0)),"")))) -> 0 | D13: =IFERROR(INDEX(IS!F:F,MATCH("ROIC",IS!$A:$A,0)),IFERROR(INDEX(BS!F:F,MATCH("ROIC",BS!$A:$A,0)),IFERROR(INDEX(CF!F:F,MATCH("ROIC",CF!$A:$A,0)),IFERROR(INDEX(Ratios!F:F,MATCH("ROIC",Ratios!$A:$A,0)),"")))) -> 0 | E13: =IFERROR(INDEX(IS!G:G,MATCH("ROIC",IS!$A:$A,0)),IFERROR(INDEX(BS!G:G,MATCH("ROIC",BS!$A:$A,0)),IFERROR(INDEX(CF!G:G,MATCH("ROIC",CF!$A:$A,0)),IFERROR(INDEX(Ratios!G:G,MATCH("ROIC",Ratios!$A:$A,0)),"")))) -> 0 | F13: =IFERROR(INDEX(IS!H:H,MATCH("ROIC",IS!$A:$A,0)),IFERROR(INDEX(BS!H:H,MATCH("ROIC",BS!$A:$A,0)),IFERROR(INDEX(CF!H:H,MATCH("ROIC",CF!$A:$A,0)),IFERROR(INDEX(Ratios!H:H,MATCH("ROIC",Ratios!$A:$A,0)),"")))) -> 0 | G13: =IFERROR(INDEX(IS!I:I,MATCH("ROIC",IS!$A:$A,0)),IFERROR(INDEX(BS!I:I,MATCH("ROIC",BS!$A:$A,0)),IFERROR(INDEX(CF!I:I,MATCH("ROIC",CF!$A:$A,0)),IFERROR(INDEX(Ratios!I:I,MATCH("ROIC",Ratios!$A:$A,0)),"")))) -> 0 | H13: =IFERROR(INDEX(IS!J:J,MATCH("ROIC",IS!$A:$A,0)),IFERROR(INDEX(BS!J:J,MATCH("ROIC",BS!$A:$A,0)),IFERROR(INDEX(CF!J:J,MATCH("ROIC",CF!$A:$A,0)),IFERROR(INDEX(Ratios!J:J,MATCH("ROIC",Ratios!$A:$A,0)),"")))) -> 0 | I13: =IFERROR(INDEX(IS!K:K,MATCH("ROIC",IS!$A:$A,0)),IFERROR(INDEX(BS!K:K,MATCH("ROIC",BS!$A:$A,0)),IFERROR(INDEX(CF!K:K,MATCH("ROIC",CF!$A:$A,0)),IFERROR(INDEX(Ratios!K:K,MATCH("ROIC",Ratios!$A:$A,0)),"")))) -> 0 | J13: =IFERROR(INDEX(IS!L:L,MATCH("ROIC",IS!$A:$A,0)),IFERROR(INDEX(BS!L:L,MATCH("ROIC",BS!$A:$A,0)),IFERROR(INDEX(CF!L:L,MATCH("ROIC",CF!$A:$A,0)),IFERROR(INDEX(Ratios!L:L,MATCH("ROIC",Ratios!$A:$A,0)),"")))) -> 0 | K13: =IFERROR(INDEX(IS!M:M,MATCH("ROIC",IS!$A:$A,0)),IFERROR(INDEX(BS!M:M,MATCH("ROIC",BS!$A:$A,0)),IFERROR(INDEX(CF!M:M,MATCH("ROIC",CF!$A:$A,0)),IFERROR(INDEX(Ratios!M:M,MATCH("ROIC",Ratios!$A:$A,0)),"")))) -> 0
A14: Net debt | B14: =IFERROR(INDEX(IS!D:D,MATCH("NETDEBT",IS!$A:$A,0)),IFERROR(INDEX(BS!D:D,MATCH("NETDEBT",BS!$A:$A,0)),IFERROR(INDEX(CF!D:D,MATCH("NETDEBT",CF!$A:$A,0)),IFERROR(INDEX(Ratios!D:D,MATCH("NETDEBT",Ratios!$A:$A,0)),"")))) -> 0 | C14: =IFERROR(INDEX(IS!E:E,MATCH("NETDEBT",IS!$A:$A,0)),IFERROR(INDEX(BS!E:E,MATCH("NETDEBT",BS!$A:$A,0)),IFERROR(INDEX(CF!E:E,MATCH("NETDEBT",CF!$A:$A,0)),IFERROR(INDEX(Ratios!E:E,MATCH("NETDEBT",Ratios!$A:$A,0)),"")))) -> 0 | D14: =IFERROR(INDEX(IS!F:F,MATCH("NETDEBT",IS!$A:$A,0)),IFERROR(INDEX(BS!F:F,MATCH("NETDEBT",BS!$A:$A,0)),IFERROR(INDEX(CF!F:F,MATCH("NETDEBT",CF!$A:$A,0)),IFERROR(INDEX(Ratios!F:F,MATCH("NETDEBT",Ratios!$A:$A,0)),"")))) -> 0 | E14: =IFERROR(INDEX(IS!G:G,MATCH("NETDEBT",IS!$A:$A,0)),IFERROR(INDEX(BS!G:G,MATCH("NETDEBT",BS!$A:$A,0)),IFERROR(INDEX(CF!G:G,MATCH("NETDEBT",CF!$A:$A,0)),IFERROR(INDEX(Ratios!G:G,MATCH("NETDEBT",Ratios!$A:$A,0)),"")))) -> 0 | F14: =IFERROR(INDEX(IS!H:H,MATCH("NETDEBT",IS!$A:$A,0)),IFERROR(INDEX(BS!H:H,MATCH("NETDEBT",BS!$A:$A,0)),IFERROR(INDEX(CF!H:H,MATCH("NETDEBT",CF!$A:$A,0)),IFERROR(INDEX(Ratios!H:H,MATCH("NETDEBT",Ratios!$A:$A,0)),"")))) -> 0 | G14: =IFERROR(INDEX(IS!I:I,MATCH("NETDEBT",IS!$A:$A,0)),IFERROR(INDEX(BS!I:I,MATCH("NETDEBT",BS!$A:$A,0)),IFERROR(INDEX(CF!I:I,MATCH("NETDEBT",CF!$A:$A,0)),IFERROR(INDEX(Ratios!I:I,MATCH("NETDEBT",Ratios!$A:$A,0)),"")))) -> 0 | H14: =IFERROR(INDEX(IS!J:J,MATCH("NETDEBT",IS!$A:$A,0)),IFERROR(INDEX(BS!J:J,MATCH("NETDEBT",BS!$A:$A,0)),IFERROR(INDEX(CF!J:J,MATCH("NETDEBT",CF!$A:$A,0)),IFERROR(INDEX(Ratios!J:J,MATCH("NETDEBT",Ratios!$A:$A,0)),"")))) -> 0 | I14: =IFERROR(INDEX(IS!K:K,MATCH("NETDEBT",IS!$A:$A,0)),IFERROR(INDEX(BS!K:K,MATCH("NETDEBT",BS!$A:$A,0)),IFERROR(INDEX(CF!K:K,MATCH("NETDEBT",CF!$A:$A,0)),IFERROR(INDEX(Ratios!K:K,MATCH("NETDEBT",Ratios!$A:$A,0)),"")))) -> 0 | J14: =IFERROR(INDEX(IS!L:L,MATCH("NETDEBT",IS!$A:$A,0)),IFERROR(INDEX(BS!L:L,MATCH("NETDEBT",BS!$A:$A,0)),IFERROR(INDEX(CF!L:L,MATCH("NETDEBT",CF!$A:$A,0)),IFERROR(INDEX(Ratios!L:L,MATCH("NETDEBT",Ratios!$A:$A,0)),"")))) -> 0 | K14: =IFERROR(INDEX(IS!M:M,MATCH("NETDEBT",IS!$A:$A,0)),IFERROR(INDEX(BS!M:M,MATCH("NETDEBT",BS!$A:$A,0)),IFERROR(INDEX(CF!M:M,MATCH("NETDEBT",CF!$A:$A,0)),IFERROR(INDEX(Ratios!M:M,MATCH("NETDEBT",Ratios!$A:$A,0)),"")))) -> 0
A15: Diluted shares | B15: =IFERROR(INDEX(IS!D:D,MATCH("SHARESWADIL",IS!$A:$A,0)),IFERROR(INDEX(BS!D:D,MATCH("SHARESWADIL",BS!$A:$A,0)),IFERROR(INDEX(CF!D:D,MATCH("SHARESWADIL",CF!$A:$A,0)),IFERROR(INDEX(Ratios!D:D,MATCH("SHARESWADIL",Ratios!$A:$A,0)),"")))) -> 0 | C15: =IFERROR(INDEX(IS!E:E,MATCH("SHARESWADIL",IS!$A:$A,0)),IFERROR(INDEX(BS!E:E,MATCH("SHARESWADIL",BS!$A:$A,0)),IFERROR(INDEX(CF!E:E,MATCH("SHARESWADIL",CF!$A:$A,0)),IFERROR(INDEX(Ratios!E:E,MATCH("SHARESWADIL",Ratios!$A:$A,0)),"")))) -> 0 | D15: =IFERROR(INDEX(IS!F:F,MATCH("SHARESWADIL",IS!$A:$A,0)),IFERROR(INDEX(BS!F:F,MATCH("SHARESWADIL",BS!$A:$A,0)),IFERROR(INDEX(CF!F:F,MATCH("SHARESWADIL",CF!$A:$A,0)),IFERROR(INDEX(Ratios!F:F,MATCH("SHARESWADIL",Ratios!$A:$A,0)),"")))) -> 0 | E15: =IFERROR(INDEX(IS!G:G,MATCH("SHARESWADIL",IS!$A:$A,0)),IFERROR(INDEX(BS!G:G,MATCH("SHARESWADIL",BS!$A:$A,0)),IFERROR(INDEX(CF!G:G,MATCH("SHARESWADIL",CF!$A:$A,0)),IFERROR(INDEX(Ratios!G:G,MATCH("SHARESWADIL",Ratios!$A:$A,0)),"")))) -> 0 | F15: =IFERROR(INDEX(IS!H:H,MATCH("SHARESWADIL",IS!$A:$A,0)),IFERROR(INDEX(BS!H:H,MATCH("SHARESWADIL",BS!$A:$A,0)),IFERROR(INDEX(CF!H:H,MATCH("SHARESWADIL",CF!$A:$A,0)),IFERROR(INDEX(Ratios!H:H,MATCH("SHARESWADIL",Ratios!$A:$A,0)),"")))) -> 0 | G15: =IFERROR(INDEX(IS!I:I,MATCH("SHARESWADIL",IS!$A:$A,0)),IFERROR(INDEX(BS!I:I,MATCH("SHARESWADIL",BS!$A:$A,0)),IFERROR(INDEX(CF!I:I,MATCH("SHARESWADIL",CF!$A:$A,0)),IFERROR(INDEX(Ratios!I:I,MATCH("SHARESWADIL",Ratios!$A:$A,0)),"")))) -> 0 | H15: =IFERROR(INDEX(IS!J:J,MATCH("SHARESWADIL",IS!$A:$A,0)),IFERROR(INDEX(BS!J:J,MATCH("SHARESWADIL",BS!$A:$A,0)),IFERROR(INDEX(CF!J:J,MATCH("SHARESWADIL",CF!$A:$A,0)),IFERROR(INDEX(Ratios!J:J,MATCH("SHARESWADIL",Ratios!$A:$A,0)),"")))) -> 0 | I15: =IFERROR(INDEX(IS!K:K,MATCH("SHARESWADIL",IS!$A:$A,0)),IFERROR(INDEX(BS!K:K,MATCH("SHARESWADIL",BS!$A:$A,0)),IFERROR(INDEX(CF!K:K,MATCH("SHARESWADIL",CF!$A:$A,0)),IFERROR(INDEX(Ratios!K:K,MATCH("SHARESWADIL",Ratios!$A:$A,0)),"")))) -> 0 | J15: =IFERROR(INDEX(IS!L:L,MATCH("SHARESWADIL",IS!$A:$A,0)),IFERROR(INDEX(BS!L:L,MATCH("SHARESWADIL",BS!$A:$A,0)),IFERROR(INDEX(CF!L:L,MATCH("SHARESWADIL",CF!$A:$A,0)),IFERROR(INDEX(Ratios!L:L,MATCH("SHARESWADIL",Ratios!$A:$A,0)),"")))) -> 0 | K15: =IFERROR(INDEX(IS!M:M,MATCH("SHARESWADIL",IS!$A:$A,0)),IFERROR(INDEX(BS!M:M,MATCH("SHARESWADIL",BS!$A:$A,0)),IFERROR(INDEX(CF!M:M,MATCH("SHARESWADIL",CF!$A:$A,0)),IFERROR(INDEX(Ratios!M:M,MATCH("SHARESWADIL",Ratios!$A:$A,0)),"")))) -> 0
A17: Revenue growth, compound a year
A18: 3 years | B18: =IFERROR((B2/E2)^(1/3)-1,"") -> 0
A19: 5 years | B19: =IFERROR((B2/G2)^(1/5)-1,"") -> 0
A20: 10 years | B20: =IFERROR((B2/L2)^(1/10)-1,"") -> 0

Sheet Valuation
A1: Multiple | B1: Latest | C1: 10-year low | D1: 10-year median | E1: 10-year high
A2: P/E | B2: =IFERROR(INDEX(IS!D:D,MATCH("PE",IS!$A:$A,0)),IFERROR(INDEX(BS!D:D,MATCH("PE",BS!$A:$A,0)),IFERROR(INDEX(CF!D:D,MATCH("PE",CF!$A:$A,0)),IFERROR(INDEX(Ratios!D:D,MATCH("PE",Ratios!$A:$A,0)),"")))) -> 0 | C2: =IFERROR(MIN(INDEX(Ratios!$D:$M,MATCH("PE",Ratios!$A:$A,0),0)),"") -> 0 | D2: =IFERROR(MEDIAN(INDEX(Ratios!$D:$M,MATCH("PE",Ratios!$A:$A,0),0)),"") -> 0 | E2: =IFERROR(MAX(INDEX(Ratios!$D:$M,MATCH("PE",Ratios!$A:$A,0),0)),"") -> 0
A3: EV/EBITDA | B3: =IFERROR(INDEX(IS!D:D,MATCH("EVEBITDA",IS!$A:$A,0)),IFERROR(INDEX(BS!D:D,MATCH("EVEBITDA",BS!$A:$A,0)),IFERROR(INDEX(CF!D:D,MATCH("EVEBITDA",CF!$A:$A,0)),IFERROR(INDEX(Ratios!D:D,MATCH("EVEBITDA",Ratios!$A:$A,0)),"")))) -> 0 | C3: =IFERROR(MIN(INDEX(Ratios!$D:$M,MATCH("EVEBITDA",Ratios!$A:$A,0),0)),"") -> 0 | D3: =IFERROR(MEDIAN(INDEX(Ratios!$D:$M,MATCH("EVEBITDA",Ratios!$A:$A,0),0)),"") -> 0 | E3: =IFERROR(MAX(INDEX(Ratios!$D:$M,MATCH("EVEBITDA",Ratios!$A:$A,0),0)),"") -> 0
A4: P/S | B4: =IFERROR(INDEX(IS!D:D,MATCH("PS",IS!$A:$A,0)),IFERROR(INDEX(BS!D:D,MATCH("PS",BS!$A:$A,0)),IFERROR(INDEX(CF!D:D,MATCH("PS",CF!$A:$A,0)),IFERROR(INDEX(Ratios!D:D,MATCH("PS",Ratios!$A:$A,0)),"")))) -> 0 | C4: =IFERROR(MIN(INDEX(Ratios!$D:$M,MATCH("PS",Ratios!$A:$A,0),0)),"") -> 0 | D4: =IFERROR(MEDIAN(INDEX(Ratios!$D:$M,MATCH("PS",Ratios!$A:$A,0),0)),"") -> 0 | E4: =IFERROR(MAX(INDEX(Ratios!$D:$M,MATCH("PS",Ratios!$A:$A,0),0)),"") -> 0
